 Dungeon Crawl Stone Soup version 0.31-a0-38-g1548c4f2a5 (webtiles) character file.

Game seed: 12877174008628926184

82 pk666 the Firebug (level 4, 0/24 HPs)
             Began as a Deep Elf Fire Elementalist on May 16, 2023.
             Slain by an orc priest
             ... wielding a +0 war axe
              (6 damage)
             ... on level 3 of the Dungeon.
             The game lasted 00:03:24 (2505 turns).

pk666 the Firebug (Deep Elf Fire Elementalist)      Turns: 2505, Time: 00:03:26

Health: 0/24       AC:  4    Str:  5    XL:     4   Next: 21%
Magic:  1/11       EV: 13    Int: 22    God:
Gold:   156        SH:  0    Dex: 15    Spells: 3/10 levels left

rFire   . . .        (no weapon)
rCold   . . .        (no shield)
rNeg    . . .        a - +0 robe
rPois   .            (no helmet)
rElec   .            g - +0 cloak
rCorr   .            (no gloves)
SInv    .            f - +0 pair of boots
Will    .....        (no amulet)
Stlth   ++           (no ring)
HPRegen 0.24/turn    (no ring)
MPRegen 0.12/turn

%: no passive effects
@: very slightly contaminated
A: no striking features
a: no special abilities


You were on level 3 of the Dungeon.
You visited 1 branch of the dungeon, and saw 3 of its levels.

You collected 156 gold pieces.

Inventory:

Armour
 a - a +0 robe (worn)
 f - a +0 pair of boots (worn)
 g - a +0 cloak (worn)
Scrolls
 c - a scroll of butterflies {unknown}
 e - a scroll of blinking {unknown}
 h - 4 scrolls of identify {unknown}
 k - a scroll of enchant armour {unknown}
 m - a scroll of enchant weapon {unknown}
Potions
 b - 2 potions of magic
 d - a potion of mutation {unknown}
 i - a potion of might {unknown}
 j - 2 potions of heal wounds {unknown}
 l - 2 potions of curing


   Skills:
 + Level 3.4 Dodging
 - Level 2.4 Stealth
 + Level 3.9 Spellcasting
 + Level 2.4 Conjurations
 + Level 4.0 Fire Magic


You had 3 spell levels left.
You knew the following spells:

 Your Spells              Type           Power      Damage    Failure   Level
a - Foxfire               Conj/Fire      72%        2x1d7     3%          1
b - Scorch                Fire           44%        2d6       3%          2
c - Flame Wave            Conj/Fire      18%        2d7       30%         4

Your spell library contained the following spells:

 Spells                   Type           Power      Damage    Failure   Level
 Inner Flame              Hex/Fire       13%        N/A       14%         3
 Volatile Blastmotes      Fire/Tloc      26%        2d12      14%         3
 Animate Armour           Summ/Erth      8%         N/A       75%         4
 Summon Ice Beast         Ice/Summ       4%         N/A       75%         4
 Summon Hydra             Summ           2%         N/A       100%        7


Dungeon Overview and Level Annotations

Branches:
Dungeon (3/15)

Altars:
Ru

Shops:
D:1 [**


Message History

Magic restored.
There is an open door here.
h - 4 scrolls labelled BIECZIYFUGH (gained 1)
An orc priest and 2 orcs come into view.
Found 2 orange potions.
The orc shouts!
The orc priest shouts!
Casting: Scorch (safe; 3% risk of failure)
Confirm with . or Enter, or press ? or * to list all spells.
You conjure some foxfire!
The orc shouts!
You hear a shout!
An orc comes into view. It is wielding a +0 dagger.
An orc comes into view. It is wielding a +0 short sword.
The foxfire hits the orc priest.
The orc priest is moderately wounded.
The orc priest mumbles some strange prayers to Beogh against you.
Pain shoots through your body!
Your foxfire dissipates!
You start resting.
An orc is nearby!
Flames lash the orc.
You kill the orc!
You hear an angry hiss.
You miscast Scorch.
You are very lightly contaminated with residual magic.
Nothing appears to happen.
Flames lash the orc priest.
The orc priest is heavily wounded.
The orc priest's fire resistance burns away.
Flames lash the orc.
You kill the orc!
The orc priest hits you with a +0 war axe!
* * * LOW HITPOINT WARNING * * *
You are too injured to fight recklessly!
Casting: Scorch (safe; 3% risk of failure)
Confirm with . or Enter, or press ? or * to list all spells.
Flames lash the orc.
You kill the orc!
The orc priest is no longer more vulnerable to fire.
The orc priest hits you with a +0 war axe.
You die...

##. .†. . .. ..# .##.#
..# .!.. #+#.###
####..#########.#.#..
ooo.§§............#.# #
.o.o..§..............
#.#########o#########....
#.......@o..........'....
###....###.###.....#....
#.....'.....+.....+....
#.....#...###.....#....
#...............###....
#.....####.####.###....
#.....# ..... #........
#.....#.......#.'>.....
#.###.#.......#.#.....#


You could see an orc priest and an orc.

Vanquished Creatures
  2 adders (D:2)
  2 worms
  A dart slug (D:1)
  3 orcs (D:3)
  6 endoplasms
  2 giant cockroaches
  6 goblins
  6 hobgoblins
  6 ball pythons
  6 bats
  5 frilled lizards
  6 kobolds
  2 rats
53 creatures vanquished.

Vanquished Creatures (others)
  130 foxfires
130 creatures vanquished.

Grand Total: 183 creatures vanquished

Notes
Turn   | Place    | Note
-------+----------+-------------------------------------------
     0 | D:1      | pk666 the Deep Elf Fire Elementalist began the quest for
                  | the Orb.
     0 | D:1      | Reached XP level 1. HP: 10/10 MP: 6/6
   184 | D:1      | Reached XP level 2. HP: 14/15 MP: 2/8
   191 | D:1      | Learned a level 2 spell: Scorch
   295 | D:1      | Found Yfrot's Antique Armour Shoppe.
   741 | D:1      | Reached XP level 3. HP: 19/19 MP: 5/10
   793 | D:1      | Got Sif Muna's Annotations on the Collective Wendigo
   986 | D:1      | Found Qoruzxi's Assorted Antiques.
   999 | D:1      | Found Esipanoa's General Store.
  2204 | D:3      | Reached XP level 4. HP: 24/24 MP: 8/11
  2231 | D:3      | Reached skill level 4 in Fire Magic
  2236 | D:3      | Learned a level 4 spell: Flame Wave
  2394 | D:3      | Found a sacrificial altar of Ru.
  2505 | D:3      | Slain by an orc priest

Illustrated notes

Levels and vault maps discovered:
D:1:      dpeg_arrival_tiny_k, layout_basic, serial_shops, shop,
          nicolae_shop_tiny_real_fake_doors, nicolae_shop_peninsula,
          minmay_pentomino_s4
D:2:      layout_loops_ring
D:3:      layout_basic, makhleb_altar_promises_db, grunt_qazlal_clouds,
          lemuel_tele_altar, minmay_goblin_kobold_house

Skill      XL: |  1  2  3  4 |
---------------+-------------+-----
Dodging        | 3 |  3.4
Conjurations   | 2 |  2.4
Fire Magic     | 4 |  4.0
Stealth        | |  2.4
Spellcasting   | |  3.9

Action                     |  1- 3 |  4- 6 || total
---------------------------+-------+-------++-------
   Cast: Foxfire           |    64 |    16 ||    80
         Scorch            |    16 |     6 ||    22
 Armour: Robe              |     1 |       ||     1
  Dodge: Dodged            |     6 |       ||     6

Table legend: (Time is in decaauts)
 A = Elapsed time spent in this place.
 B = Non-inter-level travel time spent in this place.
 C = Inter-level travel time spent in this place.
 D = Time resting spent in this place.
 E = Time spent auto-exploring this place.
 F = Levels seen in this place.
 G = Mean time per level.
                   A        B        C        D        E       F      G
               +--------+--------+--------+--------+--------+-----+--------+
         Total |   2504 |   2444 |     60 |     77 |   2043 |   3 |  834.7 |
       Dungeon |   2504 |   2444 |     60 |     77 |   2043 |   3 |  834.7 |
               +--------+--------+--------+--------+--------+-----+--------+

Top non-repeatable levels by time:
     D:1: 1357 daAuts
     D:2: 782 daAuts
     D:3: 364 daAuts
